 Dungeon Crawl Stone Soup version 0.29.0-4-gdea44cf6ec (webtiles) character file.

Game seed: 6022124632049199945

64 qw the Ruffian (level 4, 0/35 HPs)
             Began as a Ghoul Fire Elementalist on Aug 29, 2022.
             Slain by an orc
             ... wielding a +0 short sword
              (2 damage)
             ... on level 3 of the Dungeon.
             The game lasted 00:01:27 (1803 turns).

qw the Ruffian (Ghoul Fire Elementalist)            Turns: 1803, Time: 00:01:28

Health: 0/35       AC:  9    Str: 13    XL:     4   Next: 12%
Magic:  5/5        EV:  6    Int: 10    God:
Gold:   106        SH:  0    Dex:  9    Spells: 5/6 levels left

rFire   . . .      SeeInvis .     - Unarmed
rCold   + . .      Faith    .   (no shield)
rNeg    + + +      Spirit   .   c - +0 chain mail
rPois   inf        Reflect  .   (no helmet)
rElec   .          Harm     .   h - +0 cloak
rCorr   .          Rampage  .   (no gloves)
Will    .....                   (no boots)
Stlth   ..........              (no amulet)
HPRegen 0.00/turn               (no ring)
MPRegen 0.09/turn               (no ring)

@: about to teleport, inhibited regen
A: claws 1, cold resistance 1, negative energy resistance 3, inhibited
regeneration, torment resistance 2, devour on kill
a: no special abilities


You were on level 3 of the Dungeon.
You visited 1 branch of the dungeon, and saw 3 of its levels.

You collected 106 gold pieces.


Innate Abilities, Weirdness & Mutations

You are immune to poison.
You have sharp fingernails.
Your flesh is cold resistant. (rC+)
You are immune to negative energy. (rN+++)
You do not regenerate when monsters are visible.
You are immune to unholy pain and torment.
You thrive by killing the living.


   Skills:
 - Level 1.0 Fighting
 - Level 1.2 Armour
 - Level 1.7 Dodging
 - Level 2.1 Stealth
 + Level 3.2 Unarmed Combat
 - Level 1.7 Spellcasting
 - Level 0.7 Conjurations
 - Level 2.4 Fire Magic


You had 5 spell levels left.
You knew the following spells:

 Your Spells              Type           Power      Damage    Failure   Level
a - Foxfire               Conj/Fire      16%        2x1d4     99%         1

Your spell library contained the following spells:

 Spells                   Type           Power      Damage    Failure   Level
 Scorch                   Fire           10%        2d5       99%         2
 Conjure Flame            Conj/Fire      4%         6-21      100%        3
 Inner Flame              Hex/Fire       3%         N/A       100%        3
 Flame Wave               Conj/Fire      4%         2d5       100%        4

Inventory:

Armour
 c - a +0 chain mail (worn)
 h - a +0 cloak (worn)
Scrolls
 a - a scroll of teleportation
Potions
 b - a potion of heal wounds {unknown}
 d - a potion of curing {unknown}
 e - a potion of might {unknown}
 f - a potion of lignification {unknown}
 g - a potion of attraction {unknown}
 j - a potion of resistance {unknown}

Dungeon Overview and Level Annotations

Branches:
Dungeon (3/15)

Altars:

Shops:
D:1 =

Annotations:
D:3 Jessica


Message History

The orc priest invokes the aid of Beogh against you.
Beogh smites you!
You hear a shout!
You closely miss the orc.
The kobold throws a stone.
The stone hits you but does no damage.
You closely miss the orc. The orc hits you with a +0 dagger.
You barely miss the orc. The orc hits you but does no damage.
You scratch the orc priest.
The orc priest is moderately wounded.
The orc priest hits you with a +0 flail!
An orc comes into view. It is wielding a +0 short sword.
The orc hits you but does no damage.
1799 ||| READING 2 scrolls of teleportation.
As you read the scroll of teleportation, it crumbles to dust.
You feel strangely unstable.
The orc shouts!
The orc priest barely misses you. The orc hits you but does no damage.
Jessica the Apprentice Sorceress comes into view.
She is wielding a +2 dagger of speed.
The orc closely misses you.
1800 ||| Stepping ~*~*~tactically~*~*~ (outnumbered).
The orc priest attacks as you move away!
The orc priest hits you with a +0 flail.
A hobgoblin comes into view.
The hobgoblin shouts!
The orc hits you but does no damage.
A giant cockroach comes into view.
The hobgoblin moves out of view.
You scratch the orc priest.
The orc priest is severely wounded.
A rat comes into view.
The orc priest hits you but does no damage.
The orc hits you but does no damage.
You barely miss the orc priest.
The orc priest is severely wounded.
The orc hits you but does no damage.
1803 ||| Stepping ~*~*~tactically~*~*~ (outnumbered).
The orc attacks as you move away! The orc hits you with a +0 short sword.
You die...

@.. #.. #...
#... ...}.
#....########
##.K.#oo@..<.#
....B.Koo#####
####g###...#
.. ###.# # ..#
.# .. ..


You could see an orc priest, 3 orcs, a giant cockroach, a hobgoblin and a
kobold.

Vanquished Creatures
  4 adders (D:2)
  3 ball pythons
  4 endoplasms
  A giant cockroach (D:1)
  2 goblins (D:2)
  4 hobgoblins
  A kobold (D:3)
  2 quokkas (D:2)
  3 bats
  3 frilled lizards
  2 rats (D:2)
29 creatures vanquished.

Notes
Turn   | Place    | Note
-------+----------+-------------------------------------------
     0 | D:1      | qw the Ghoul Fire Elementalist began the quest for the Orb.
     0 | D:1      | Reached XP level 1. HP: 14/14 MP: 2/2
     0 | D:1      | 0 ||| qw: Version: 0.1-a-90-g952f4b7
     0 | D:1      | 0 ||| qw: Game counter: 3680
     0 | D:1      | 0 ||| qw: Always use a shield: true
     0 | D:1      | 0 ||| qw: God list: Okawaru
     0 | D:1      | 0 ||| qw: Allow faded altars: false
     0 | D:1      | 0 ||| qw: Do Orc after D:15 true
     0 | D:1      | 0 ||| qw: Do second Lair branch before Depths: true
     0 | D:1      | 0 ||| qw: Lair rune preference: random
     0 | D:1      | 0 ||| qw: Plans: Normal
     0 | D:1      | 0 ||| PLANNING D:1-11
    95 | D:1      | Found Deubeakyicw's Jewellery Boutique.
   110 | D:1      | Reached skill level 1 in Unarmed Combat
   116 | D:1      | 116 ||| SHOPLISTING ring of protection from fire (350 gold,
                  | have 18).
   116 | D:1      | 116 ||| SHOPLISTING ring of see invisible (210 gold, have
                  | 18).
   116 | D:1      | 116 ||| SHOPLISTING ring of willpower (350 gold, have 18).
   262 | D:1      | 262 ||| Stepping ~*~*~tactically~*~*~ (outnumbered).
   263 | D:1      | 263 ||| Stepping ~*~*~tactically~*~*~ (outnumbered).
   264 | D:1      | 264 ||| Stepping ~*~*~tactically~*~*~ (outnumbered).
   265 | D:1      | 265 ||| Stepping ~*~*~tactically~*~*~ (outnumbered).
   265 | D:1      | HP: 3/15 [hobgoblin (4)]
   266 | D:1      | 266 ||| Stepping ~*~*~tactically~*~*~ (outnumbered).
   267 | D:1      | 267 ||| Stepping ~*~*~tactically~*~*~ (outnumbered).
   270 | D:1      | 270 ||| Stepping ~*~*~tactically~*~*~ (outnumbered).
   271 | D:1      | 271 ||| Stepping ~*~*~tactically~*~*~ (outnumbered).
   274 | D:1      | Reached skill level 1 in Fighting
   274 | D:1      | Reached XP level 2. HP: 6/23 MP: 3/3
   275 | D:1      | HP: 5/23 [hobgoblin (1)]
   592 | D:1      | Found a faded altar of an unknown god.
   833 | D:1      | 833 ||| UPGRADING to +0 chain mail.
   843 | D:1      | 843 ||| DROPPING +0 robe.
   844 | D:1      | 844 ||| READING scroll labelled PYAGOBL ZOIR.
   845 | D:1      | 845 ||| READING scroll labelled NUIM ZAUXKUERAS.
   946 | D:1      | 946 ||| READING scroll labelled LOAPNU JAEL.
   947 | D:1      | 947 ||| READING 2 scrolls labelled UZXIRCH APESSIF.
   951 | D:1      | 951 ||| DROPPING potion of magic.
   974 | D:2      | 974 ||| STAIRDANCE
   980 | D:2      | 980 ||| STAIRDANCE
  1086 | D:2      | Reached skill level 2 in Unarmed Combat
  1179 | D:2      | Reached XP level 3. HP: 28/28 MP: 4/4
  1601 | D:2      | Reached skill level 3 in Unarmed Combat
  1729 | D:2      | 1729 ||| UPGRADING to +0 cloak.
  1734 | D:2      | 1734 ||| READING scroll labelled PASABYEGEU.
  1735 | D:2      | 1735 ||| READING scroll labelled DATO DUQUO.
  1740 | D:3      | 1740 ||| STAIRDANCE
  1755 | D:3      | 1755 ||| STAIRDANCE
  1760 | D:2      | Reached skill level 1 in Armour
  1760 | D:2      | Reached XP level 4. HP: 33/35 MP: 5/5
  1786 | D:3      | 1786 ||| Stepping ~*~*~tactically~*~*~ (stealth).
  1798 | D:3      | HP: 4/35 [orc priest/+0 flail (7)]
  1799 | D:3      | 1799 ||| READING 2 scrolls of teleportation.
  1799 | D:3      | Noticed Jessica
  1800 | D:3      | 1800 ||| Stepping ~*~*~tactically~*~*~ (outnumbered).
  1803 | D:3      | 1803 ||| Stepping ~*~*~tactically~*~*~ (outnumbered).
  1803 | D:3      | Slain by an orc

Levels and vault maps discovered:
D:1:      saegor_arrival_simple_b, layout_basic,
          hellmonk_ecumenical_altar_run_dry, serial_shops, nicolae_diamond_shop
D:2:      layout_basic
D:3:      layout_basic, lemuel_crystal_altar, gammafunk_ghost_icy, serial_shops,
          shop, hangedman_feature_mirror, minmay_fractal_squares_gapless_5,
          uniq_ijyb, uniq_robin, uniq_jessica

Skill      XL: |  1  2  3 |
---------------+----------+-----
Unarmed Combat | 1 2 3 |  3.2
Fighting       | 1 |  1.0
Armour         | 1 |  1.2
Dodging        | |  1.7
Stealth        | |  2.1
Spellcasting   | |  1.7
Conjurations   | |  0.7
Fire Magic     | |  2.4

Action                   |  1- 3 |  4- 6 || total
-------------------------+-------+-------++-------
Melee: Unarmed           |   119 |    15 ||   134
       Punch             |     3 |       ||     3
  Use: Scroll            |     6 |     1 ||     7
Armor: Robe              |     6 |       ||     6
       Chain mail        |    60 |    15 ||    75
Dodge: Dodged            |    47 |     3 ||    50

Table legend:
 A = Non-vault XP
 B = Vault XP
 C = Vault XP percentage of total XP
 D = Non-vault monster count
 E = Vault monster count
 F = Vault count percentage of total count
                 A         B        C        D         E       F
            +---------+---------+-------+---------+---------+-------
      Total |      89 |       3 |   3.3 |      27 |       2 |   6.9
            +---------+---------+-------+---------+---------+-------
        D:1 |      17 |       0 |   0.0 |      10 |       0 |   0.0
        D:2 |      72 |       0 |   0.0 |      17 |       0 |   0.0
        D:3 |       0 |       3 | 100.0 |       0 |       2 | 100.0
            +---------+---------+-------+---------+---------+-------
